 Dungeon Crawl Stone Soup version 0.31-a0-981-geadf994542 (webtiles) character file.

Game seed: 15217933301855814905

20160 tilp the Covert (level 12, -3/94 HPs)
             Began as a Vampire Enchanter on Oct 31, 2023.
             Was a High Priest of Wu Jian.
             Slain by a death yak simulacrum (17 damage)
             ... in an ice cave.
             The game lasted 00:29:30 (14962 turns).

tilp the Covert (Vampire Enchanter)                Turns: 14962, Time: 00:29:31

Health: -3/94      AC: 13    Str:  7    XL:     12   Next: 42%
Magic:  13/22      EV: 15    Int: 26    God:    Wu Jian [*****.]
Gold:   120        SH:  5    Dex: 14    Spells: 10/24 levels left

rFire   + + .        a - +2 dagger (flame)
rCold   . . .        (no shield)
rNeg    + . .        x - +0 steam dragon scales
rPois   +            P - +2 hood of the Assassin {Detect Stab+ Stlth++}
rElec   .            (no cloak)
rCorr   .            l - +1 pair of gloves
SInv    +            o - +2 pair of boots
Will    +....        N - amulet of reflection
Stlth   +++++++      D - ring of Cyri {rPois rF++ rN+ Int+3}
HPRegen 0.55/turn    d - +4 ring of slaying
MPRegen 0.18/turn

%: reflection
@: healing quickly
A: alive, fangs 3, see invisible, vampiric 2
a: Exsanguinate, Renounce Religion, Wall Jump, Serpent's Lash, Heavenly Storm


You were in an ice cave.
You worshipped Wu Jian.
Wu Jian was extremely pleased with you.
You visited 3 branches of the dungeon, and saw 14 of its levels.
You also visited: Bailey and Ice Cave.

You collected 834 gold pieces.
You spent 714 gold pieces at shops.

Inventory:

Hand Weapons
 a - a +2 dagger of flaming (weapon)
 b - a +1 quick blade of venom
 w - a +4 scimitar
 A - a +3 scimitar of freezing
 T - a +3 rapier
Missiles
 p - 4 boomerangs
 t - 38 poisoned darts (quivered)
 y - 2 curare-tipped darts
 E - a throwing net
Armour
 l - a +1 pair of gloves (worn)
 o - a +2 pair of boots (worn)
 x - +0 steam dragon scales (worn)
 P - the +2 hood of the Assassin (worn) {Detect Stab+ Stlth++}
   (You bought it in a shop on level 2 of the Dungeon)

   Detect:    It allows the wearer to sense nearby creatures.
   Stab+:     It allows the wearer to make particularly effective stabbing
   attacks against helpless or unaware enemies with any weapon.
   Stlth++:   It makes you much more stealthy.
Jewellery
 d - a +4 ring of slaying (right hand)
 j - a ring of flight
 r - a +6 ring of intelligence
 D - the ring of Cyri (left hand) {rPois rF++ rN+ Int+3}
   (You took it off a centaur warrior on level 7 of the Dungeon)

   [ring of poison resistance]

   Int+3:     It affects your intelligence (+3).
   rF++:      It greatly protects you from fire.
   rPois:     It protects you from poison rN+: It protects you from negative
   energy.
 F - an amulet of faith
 N - an amulet of reflection (around neck)
Wands
 z - a wand of roots (20)
 G - a wand of paralysis (1)
 I - a wand of polymorph (7)
 J - a wand of digging (5)
 S - a wand of mindburst (9)
Scrolls
 i - 3 scrolls of blinking
 k - 2 scrolls of fog
 q - 5 scrolls of teleportation
 s - 2 scrolls of amnesia
 u - a scroll of revelation
 C - a scroll of silence
 H - 2 scrolls of immolation
Potions
 c - a potion of invisibility
 e - 6 potions of heal wounds
 f - 4 potions of attraction
 g - a potion of enlightenment
 h - 6 potions of haste
 m - 5 potions of curing
 n - a potion of ambrosia
 v - 2 potions of mutation
 B - 3 potions of cancellation
 K - 3 potions of might
 L - 2 potions of magic {unknown}
 M - 4 potions of resistance
 Q - a potion of brilliance {unknown}
Miscellaneous
 O - a condenser vane


   Skills:
 * Level 8.8 Fighting
 - Level 10.0 Short Blades
 - Level 3.5 Armour
 + Level 6.8 Dodging
 - Level 12.0 Stealth
 + Level 6.8 Spellcasting
 - Level 2.0 Conjurations
 - Level 12.0 Hexes
 - Level 4.0 Ice Magic
 - Level 4.0 Evocations


You had 10 spell levels left.
You knew the following spells:

 Your Spells              Type           Power      Damage    Failure   Level
a - Ensorcelled Hibernat  Hex/Ice        100%       N/A       1%          2
b - Confusing Touch       Hex            63%        N/A       1%          3
c - Tukima's Dance        Hex            63%        N/A       1%          3
d - Dazzling Flash        Conj/Hex       90%        N/A       1%          3
e - Frozen Ramparts       Ice            58%        1d9       3%          3

Your spell library contained the following spells:

 Spells                   Type           Power      Damage    Failure   Level
 Freeze                   Ice            100%       1d10      1%          1
 Sigil of Binding         Hex            63%        N/A       1%          3
 Hailstorm                Conj/Ice       24%        3d7       5%          3
 Dimensional Bullseye     Hex/Tloc       20%        N/A       5%          4
 Leda's Liquefaction      Hex/Erth       20%        N/A       5%          4
 Sandblast                Erth           16%        2d6       6%          1
 Metabolic Englaciation   Hex/Ice        25%        N/A       7%          5
 Lesser Beckoning         Tloc           16%        N/A       10%         2
 Passwall                 Tmut/Erth      6%         N/A       10%         2
 Stone Arrow              Conj/Erth      28%        3d8       13%         3
 Call Canine Familiar     Summ           8%         N/A       19%         3
 Gell's Gravitas          Tloc           8%         N/A       19%         3
 Ignite Poison            Fire/Tmut/Pois 8%         N/A       19%         3
 Teleport Other           Tloc           8%         N/A       19%         3
 Brom's Barrelling Bould  Conj/Erth      14%        2d4       38%         4
 Sticky Flame             Conj/Fire      14%        2d4       38%         4
 Petrify                  Tmut/Erth      8%         N/A       54%         4
 Ignition                 Fire           4%         3d4       100%        8


Dungeon Overview and Level Annotations

Branches:
Dungeon (11/15)            Temple (1/1) D:5            Lair (2/5) D:10
  Swamp (0/4) Lair:2       Spider (0/4) Lair:2          Orc (0/2) D:10
 Bailey (visited)           IceCv (1/1)

Altars:
Ashenzari
Cheibriados
Dithmenos
Fedhas
Gozag
Hepliaklqana
Kikubaaqudgha
Makhleb
Nemelex Xobeh
Okawaru
Qazlal
Ru
Sif Muna
Trog
Uskayaw
Vehumet
Wu Jian
Xom
Yredelemnul

Shops:
D:2 ([*   D:3 *   D:6 :   D:7 (

Annotations:
D:10 3 runed translucent doors, kae's ghost, novice DrSh
D:11 stone giant, ettin!! IceCv exclusion: 2 ice statues


Innate Abilities, Weirdness & Mutations

Your natural rate of healing is accelerated.
You have razor-sharp teeth.
You have supernaturally acute eyesight. (SInv)
You are afflicted with vampirism and can become a bat while bloodless.


Message History

You are too injured to fight recklessly!
You hit the white ugly thing. You burn the white ugly thing.
You bite the white ugly thing.
The white ugly thing is heavily wounded.
You are too injured to fight recklessly!
You are too injured to fight recklessly!
You hit the white ugly thing. You burn the white ugly thing.
The white ugly thing is heavily wounded.
The white ugly thing bites itself!
You completely miss the white ugly thing.
The white ugly thing is severely wounded.
You barely miss the white ugly thing.
The white ugly thing is severely wounded.
The white ugly thing closely misses you.
You hit the white ugly thing but do no damage.
The white ugly thing is severely wounded.
You catch the helpless white ugly thing completely off-guard!
You skewer the white ugly thing like a kebab!!!
You burn the white ugly thing.
You kill the white ugly thing!
The Council accepts your kill.
You see here an ugly thing corpse.
You hit the death yak simulacrum but do no damage.
You bite the death yak simulacrum, but do no damage.
The death yak simulacrum is lightly damaged.
You hit the death yak simulacrum.
You melt the death yak simulacrum.
The death yak simulacrum is moderately damaged.
The death yak simulacrum gores you! The death yak simulacrum freezes you!!
* * * LOW HITPOINT WARNING * * *
You hit the death yak simulacrum but do no damage.
The death yak simulacrum is moderately damaged.
You hit the death yak simulacrum.
You melt the death yak simulacrum.
You bite the death yak simulacrum.
The death yak simulacrum is heavily damaged.
You hit the death yak simulacrum but do no damage.
The death yak simulacrum is heavily damaged.
The death yak simulacrum gores you!
* * * LOW HITPOINT WARNING * * *
The death yak simulacrum freezes you!
You die...

### ##. ## .... ##.. #. §○#4
... ####. #§.. ..### ###8#..
###§.# ##≈≈≈####......
##.§.# #≈≈≈###........
##.§.### ####.##..........
##...##)..##.........#......
#..###[...Z@......#.###.....
#...##.....##..###### ##....
##..####...,##...# #####
###...###.###...# #
##....###....##
###........## ###....###
######


You could see a death yak simulacrum (confused).

Vanquished Creatures
  A centaur warrior (D:7)
  2 two-headed ogres
  A boulder beetle (Lair:1)
  Pikel (D:6)
  2 ugly things
  2 manticores
  A cyclops (D:11)
  2 black mambas (Lair:1)
  A gargoyle (D:11)
  4 cane toads
  An unseen horror (D:11)
  3 ice devils (IceCv)
  A komodo dragon (Lair:1)
  3 trolls
  5 blink frogs (Lair:1)
  A shadow (D:10)
  A centaur simulacrum (D:10)
  8 yaks
  2 wyverns (D:7)
  A basilisk (Lair:1)
  2 wraiths (D:7)
  2 steam dragons
  Menkaure (D:6)
  3 vampire mosquitoes (D:10)
  A death yak simulacrum (IceCv)
  An acid dragon (D:11)
  6 water moccasins
  8 orc warriors
  A sky beast (D:7)
  3 ice beasts
  3 black bears
  3 ogres
  5 centaurs
  16 wolves (Lair:1)
  3 phantoms
  4 kobold brigands
  9 bullfrogs
  2 gnoll sergeants (D:7)
  2 scorpions
  A two-headed ogre simulacrum (IceCv)
  6 wights
  An electric eel (D:6)
  6 howler monkeys
  A jelly (D:4)
  7 hounds
  A gnoll bouda (D:8)
  5 orc priests
  A sleepcap (D:7)
  4 iguanas
  A troll simulacrum (IceCv)
  11 orc wizards
  A spriggan simulacrum (IceCv)
  15 gnolls
  3 adders
  2 naga simulacra (IceCv)
  18 white imps
  3 ufetubi
  A dart slug (D:4)
  49 orcs
  3 ball pythons (D:1)
  3 endoplasms
  4 giant cockroaches
  7 goblins
  13 hobgoblins
  20 kobolds
  2 quokkas
  6 bats
  2 frilled lizards
  13 rats
328 creatures vanquished.

Vanquished Creatures (collateral kills)
  3 wights
  2 gnolls (Bailey)
5 creatures vanquished.

Grand Total: 333 creatures vanquished

Notes
Turn   | Place    | Note
-------+----------+-------------------------------------------
     0 | D:1      | tilp the Vampire Enchanter began the quest for the Orb.
     0 | D:1      | Reached XP level 1. HP: 13/13 MP: 3/3
   177 | D:1      | Reached XP level 2. HP: 20/20 MP: 5/5
   180 | D:1      | Learned a level 2 spell: Ensorcelled Hibernation
   546 | D:1      | Reached skill level 1 in Fighting
   561 | D:1      | Found a faded altar of an unknown god.
   801 | D:2      | Found Uroczes's Armour Boutique.
   872 | D:2      | Found Mitryemiph's Antique Weapon Shoppe.
   883 | D:2      | Gained mutation: You are afflicted with vampirism and can
                  | become a bat while bloodless. [Vampire growth]
   883 | D:2      | Reached XP level 3. HP: 26/26 MP: 3/6
  1199 | D:1      | Reached skill level 5 in Stealth
  1359 | D:2      | Reached XP level 4. HP: 20/32 MP: 0/7
  1587 | D:2      | Found Suymauda's General Store.
  1593 | D:2      | Bought a +0 pair of gloves for 54 gold pieces
  1905 | D:3      | Found an opulent altar of Gozag.
  1905 | D:3      | Found Gozag's Platinum Reserve.
  1946 | D:3      | Learned a level 3 spell: Confusing Touch
  2424 | D:3      | Reached skill level 5 in Hexes
  2424 | D:3      | Reached XP level 5. HP: 22/38 MP: 8/8
  2995 | D:3      | Learned a level 3 spell: Tukima's Dance
  3105 | D:4      | Found a bloodstained altar of Trog.
  3105 | D:4      | Found a stormy altar of Qazlal.
  3151 | D:4      | Reached XP level 6. HP: 46/46 MP: 9/9
  3188 | D:4      | You are sucked into a shaft and drop 2 floors!
  3193 | D:6      | Noticed Menkaure
  3208 | D:6      | Killed Menkaure
  3209 | D:6      | Reached skill level 1 in Ice Magic
  3266 | D:6      | Noticed an ice beast
  3278 | D:6      | Killed an ice beast
  3353 | D:6      | Reached XP level 7. HP: 52/52 MP: 8/11
  3535 | D:6      | Found a radiant altar of Vehumet.
  3536 | D:6      | Found a broken altar of Ashenzari.
  3562 | D:6      | Noticed Pikel
  3734 | D:6      | Found Qaorowni's Tremendous Tomes.
  3819 | D:5      | Entered Level 5 of the Dungeon
  3849 | D:5      | Found an ancient bone altar of Kikubaaqudgha.
  3990 | D:4      | Found a sacrificial altar of Ru.
  4427 | D:4      | Learned a level 3 spell: Dazzling Flash
  4575 | D:5      | Found a staircase to the Ecumenical Temple.
  4622 | Temple   | Entered the Ecumenical Temple
  4633 | Temple   | Became a worshipper of the Wu Jian Council
  4686 | D:5      | Found a sparkling altar of Nemelex Xobeh.
  4710 | D:5      | Reached XP level 8. HP: 42/60 MP: 9/12
  4790 | D:5      | Reached skill level 5 in Short Blades
  5034 | D:5      | Found a hide-covered altar of Uskayaw.
  5179 | D:6      | Killed Pikel
  5180 | D:6      | Reached skill level 5 in Fighting
  5294 | D:6      | Reached XP level 9. HP: 53/68 MP: 12/15
  5982 | D:6      | Reached * piety under Wu Jian
  6743 | D:7      | Found Olozoavu's Weapon Boutique.
  6781 | D:7      | Identified the +1 robe of Hepliaklqana's Hope {Int+3}
  6828 | D:7      | Reached skill level 5 in Spellcasting
  6838 | D:7      | Reached ** piety under Wu Jian
  7154 | D:7      | Reached skill level 10 in Stealth
  7173 | D:7      | Reached XP level 10. HP: 76/76 MP: 10/17
  7300 | D:7      | Noticed a manticore
  7313 | D:7      | Killed a manticore
  7314 | D:7      | Reached skill level 10 in Short Blades
  7544 | D:7      | Reached skill level 1 in Evocations
  8152 | D:7      | Identified the ring of Cyri {rPois rF++ rN+ Int+3}
  8152 | D:7      | Noticed a centaur warrior
  8160 | D:7      | Killed a centaur warrior
  8161 | D:7      | Reached skill level 1 in Armour
  8161 | D:7      | Reached skill level 1 in Conjurations
  8330 | D:8      | Noticed a two-headed ogre
  8331 | D:8      | Killed a two-headed ogre
  8400 | D:8      | Reached *** piety under Wu Jian
  8561 | D:8      | Found a burning altar of Makhleb.
  8793 | D:8      | Found a shimmering altar of Xom.
  9472 | D:9      | Reached XP level 11. HP: 80/83 MP: 16/19
  9858 | D:9      | Learned a level 3 spell: Frozen Ramparts
  9888 | D:10     | Entered Level 10 of the Dungeon
  9888 | D:10     | Found a staircase to the Orcish Mines.
 10049 | D:10     | Reached skill level 5 in Dodging
 10091 | D:10     | Noticed a two-headed ogre
 10098 | D:10     | Killed a two-headed ogre
 10137 | D:10     | Found a flagged portal.
 10162 | D:10     | Reached **** piety under Wu Jian
 10213 | Bailey   | Entered a bailey
 10543 | D:10     | Acquired a +1 quick blade of venom
 10827 | D:10     | Found a runed translucent gate.
 10827 | D:10     | Found a runed translucent gate.
 10827 | D:10     | Found a runed translucent gate.
 10834 | D:10     | Found a staircase to the Lair.
 11035 | D:10     | Found a blossoming altar of Fedhas.
 11055 | D:10     | Noticed an angel
 11164 | D:10     | Noticed kae's ghost (novice DrSh)
 11268 | D:11     | Reached skill level 10 in Hexes
 11485 | D:2      | Bought the +2 hood of the Assassin {Detect Stab+ Stlth++}
                  | for 660 gold pieces
 11485 | D:2      | Found the +2 hood of the Assassin {Detect Stab+ Stlth++}
 11927 | D:11     | Noticed a deep troll
 11927 | D:11     | Noticed an ettin
 11928 | D:11     | Noticed a green ugly thing
 11931 | D:11     | Killed a green ugly thing
 11935 | D:11     | Noticed a stone giant
 12198 | Lair:1   | Entered Level 1 of the Lair of Beasts
 12582 | Lair:1   | Reached XP level 12. HP: 62/92 MP: 7/21
 12589 | Lair:1   | Reached ***** piety under Wu Jian
 13018 | Lair:1   | Noticed a boulder beetle
 13025 | Lair:1   | Killed a boulder beetle
 13792 | Lair:2   | Found a frozen archway.
 13893 | IceCv    | Entered an ice cave
 14962 | IceCv    | Slain by a death yak simulacrum

Illustrated notes

Levels and vault maps discovered:
D:1:      eino_arrival_tree_alley, layout_loops_ring,
          hellmonk_ecumenical_altar_run_dry, serial_bayou_pond_e,
          dreamdust_wishing_well, hangedman_decor_points
D:2:      layout_loops_ring, serial_shops, nicolae_shop_rolling_square, shop,
          nicolae_shop_rolling_square, minmay_rat_gold_closets
D:3:      layout_loops_corners, nicolae_gozag_zags_fifth_avenue,
          minmay_misc_feat_iff
D:4:      minmay_wonky_spiral, layout_basic, mainiacjoe_overflow_divided_tiny,
          nicolae_ru_awakened_eye, chequers_serial_rivers_small_b
D:5:      layout_basic, mainiacjoe_overflow_24_doors,
          mainiacjoe_overflow_boulevard, lemuel_round_altar,
          minmay_temple_entry_trees
D:6:      layout_layer_cave, mainiacjoe_overflow_catwalk,
          nicolae_overflow_two_pavilions, nicolae_shop_i_like_big_books,
          nicolae_zig_zag_zippers, uniq_menkaure, uniq_pikel
D:7:      nzn_winding_woodlands_large [nzn_winding_woodlands_5x5_perimeter,
          nzn_winding_woodlands_5x15_parted, nzn_winding_woodlands_5x5_three,
          nzn_winding_woodlands_center_triple_pond,
          nzn_winding_woodlands_15x15_boxy_spiral,
          nzn_winding_woodlands_center_garden,
          nzn_winding_woodlands_5x5_closed_star,
          nzn_winding_woodlands_5x15_default, nzn_winding_woodlands_hourglass],
          layout_loops_ring, serial_shops, shop, minmay_door_square
D:8:      layout_loops_ring, kennysheep_mini_moat,
          mainiacjoe_overflow_small_starburst, roderic_filled_cross,
          dk_rats_in_the_wall
D:9:      layout_basic
D:10:     layout_irregular_city, kennysheep_mini,
          mainiacjoe_overflow_cross_hatched, zin_angel, lair_entry_dummy,
          enter_bailey_4, gammafunk_ghost_icy
D:11:     minmay_glassy_protrusions, layout_grid_maze
Temple:   nicolae_temple_great_sept
Lair:1:   layout_cave_pods, grunt_megastairs_3, infiniplex_staircase_pool_2
Lair:2:   layout_concentric_octagons, alex1729_swamp_entry_worm_eleionoma,
          hellmonk_spider_entry_not_the_bees, portal_ice_cave_entry_imps,
          uniq_nergalle
IceCv:    ice_cave_small_demon

Skill      XL: |  1  2  3  4  5  6  7  8  9 10 11 12 |
---------------+-------------------------------------+-----
Fighting       | 1 2 3 5 6 7 8 |  8.8
Short Blades   | 2 3 4 6 9 10 | 10.0
Stealth        | 5 6 8 10 11 12 | 12.0
Hexes          | 5 6 7 8 9 11 12 | 12.0
Dodging        | 3 4 5 6 |  6.8
Ice Magic      | 1 2 3 4 |  4.0
Spellcasting   | 3 4 5 6 |  6.8
Evocations     | 2 4 |  4.0
Armour         | 1 3 |  3.5
Conjurations   | 1 2 |  2.0

Action                     |  1- 3 |  4- 6 |  7- 9 | 10-12 || total
---------------------------+-------+-------+-------+-------++-------
  Melee: Dagger            |    82 |    66 |   201 |   546 ||   895
         Bite              |    12 |    12 |    26 |    70 ||   120
         Punch             |     1 |       |     2 |     3 ||     6
         Quick blade       |       |       |       |    25 ||    25
  Throw: Dart              |       |       |       |     2 ||     2
   Cast: Ensorcelled Hiber |    10 |     5 |    41 |    96 ||   152
         Confusing Touch   |       |     3 |    12 |    27 ||    42
         Tukima's Dance    |       |       |     6 |     9 ||    15
         Dazzling Flash    |       |       |       |    11 ||    11
Ability: Lunge             |       |       |    20 |    53 ||    73
         Whirlwind         |       |       |     3 |    13 ||    16
    Use: Scroll            |     6 |     7 |     7 |     9 ||    29
         Potion            |       |       |     1 |     4 ||     5
   Stab: Sleeping          |    15 |    17 |    35 |   103 ||   170
         Distracted        |     1 |       |     4 |     3 ||     8
         Confused          |       |     1 |     6 |    20 ||    27
         Invisible         |       |       |     2 |     9 ||    11
 Armour: Robe              |    43 |    12 |    50 |       ||   105
         Steam dragon scal |       |       |    24 |   225 ||   249
  Dodge: Dodged            |    46 |    24 |    82 |   279 ||   431
  Block: Other             |       |       |    12 |    99 ||   111
         Reflection        |       |       |       |     3 ||     3

Table legend: (Time is in decaauts)
 A = Elapsed time spent in this place.
 B = Non-inter-level travel time spent in this place.
 C = Inter-level travel time spent in this place.
 D = Time resting spent in this place.
 E = Time spent auto-exploring this place.
 F = Levels seen in this place.
 G = Mean time per level.
                   A        B        C        D        E       F      G
               +--------+--------+--------+--------+--------+-----+--------+
         Total |  14683 |  13724 |    959 |   2922 |   7780 |  16 |  917.7 |
       Dungeon |  11697 |  10777 |    920 |   1961 |   6532 |  11 | 1063.4 |
        Temple |     22 |      1 |     21 |      0 |      0 |   1 |   22.0 |
          Lair |   1616 |   1598 |     18 |    145 |   1179 |   2 |  808.0 |
        Bailey |    322 |    322 |      0 |      0 |     68 |   1 |  322.0 |
      Ice Cave |   1023 |   1023 |      0 |    816 |      0 |   1 | 1023.0 |
               +--------+--------+--------+--------+--------+-----+--------+

Top non-repeatable levels by time:
     D:7: 2207 daAuts
     D:6: 1630 daAuts
  Lair:1: 1526 daAuts
     D:1: 1147 daAuts
     D:3: 1143 daAuts
    D:10: 1099 daAuts
     D:8: 1040 daAuts
   IceCv: 1023 daAuts
     D:4: 926 daAuts
     D:2: 836 daAuts
     D:9: 660 daAuts
     D:5: 589 daAuts
    D:11: 417 daAuts
  Bailey: 322 daAuts
  Lair:2: 90 daAuts
